 Dungeon Crawl Stone Soup version 0.27.1-33-g824d729ab1 (webtiles) character file.

Game seed: 17741722820475954198

476 styxcanada the Covert (level 6, -11/32 HPs)
             Began as a Spriggan Brigand on Dec 5, 2021.
             Blown up by Ijyb (23 damage)
             ... with a mindburst bolt
             ... on level 4 of the Dungeon.
             The game lasted 00:15:51 (4681 turns).

styxcanada the Covert (Spriggan Brigand)            Turns: 4681, Time: 00:15:52

Health: -11/32     AC:  3    Str:  7    XL:     6   Next: 84%
Magic:  6/10       EV: 18    Int: 12    God:
Gold:   105        SH:  0    Dex: 19    Spells: 5/9 levels left

rFire    + . .     SeeInvis +   a - +3 dagger
rCold    . . .     Faith    .   (shield restricted)
rNeg     . . .     Spirit   .   b - +0 robe
rPois    .         Reflect  .   (helmet restricted)
rElec    .         Harm     .   c - +0 cloak
rCorr    .         Rampage  .   (gloves unavailable)
Will     +....                  (boots unavailable)
Stlth    ++++......             (no amulet)
HPRegen  0.10/turn              k - ring of protection from fire
MPRegen  0.12/turn              (no ring)

@: very quick
A: very small, no large weapons, unfitting armour, see invisible, speed 3
a: no special abilities


You were on level 4 of the Dungeon.
You visited 1 branch of the dungeon, and saw 4 of its levels.

You collected 105 gold pieces.

Inventory:

Hand Weapons
 a - a +3 dagger (weapon)
 l - a +0 hunting sling
Missiles
 f - 97 stones (quivered)
Armour
 b - a +0 robe (worn)
 c - a +0 cloak (worn)
Jewellery
 k - a ring of protection from fire (left hand)
Scrolls
 d - 2 scrolls of identify {unknown}
Potions
 g - a potion of lignification {unknown}
 h - a potion of degeneration {unknown}
 i - 2 potions of curing {unknown}


   Skills:
 * Level 2.4 Fighting
 + Level 3.2 Short Blades
 + Level 0.8(2.1) Slings
 + Level 2.5(2.6) Throwing
 * Level 3.2 Dodging
 * Level 8.9 Stealth
 * Level 2.4 Spellcasting
 * Level 1.1 Conjurations
 * Level 1.0 Air Magic
 * Level 1.0 Poison Magic


You had 5 spell levels left.
You knew the following spells:

 Your Spells              Type           Power      Damage    Failure   Level
a - Magic Dart            Conj           16%        1d3       16%         1
b - Mephitic Cloud        Conj/Pois/Air  4%         N/A       45%         3

Your spell library contained the following spells:

 Spells                   Type           Power      Damage    Failure   Level
 Call Imp                 Summ           1%         N/A       36%         2
 Ensorcelled Hibernation  Hex/Ice        2%         N/A       36%         2
 Spider Form              Tmut/Pois      1%         N/A       54%         3
 Summon Ice Beast         Ice/Summ       1%         N/A       95%         4
 Summon Mana Viper        Hex/Summ       1%         N/A       100%        5
 Shadow Creatures         Summ           N/A        N/A       100%        6
 Monstrous Menagerie      Summ           0%         N/A       100%        7


Dungeon Overview and Level Annotations

Branches:
Dungeon (4/15)
 Temple: D:4-7

Altars:
Nemelex Xobeh
Wu Jian

Annotations:
D:4 Ijyb


Innate Abilities, Weirdness & Mutations

You are very small and have problems with some larger weapons.
You are too small for most types of armour.
You have supernaturally acute eyesight. (SInv)
You cover ground extremely quickly. (Speed+++)


Message History

The curare-tipped dart barely misses Ijyb.
Ijyb zaps a wand.
Your mind is blasted!
Ouch! That really hurt!
Ijyb zaps a wand.
Your mind is blasted!
Throw: 98 stones
Press: ? - help, Q - select action, (/) - cycle Shift-Dir - straight line, f/p - Ijyb
Aim: Ijyb, wielding a +0 dagger, wearing a +0 leather armour and carrying a wand of mindburst (5) (heavily wounded, very poisoned, 56% to hit)
You throw a stone. The stone closely misses Ijyb.
Casting: Magic Dart (safe; 16% risk of failure)
Confirm with . or Enter, or press ? or * to list all spells.
Aiming: Magic Dart (safe; 16% risk of failure)
Press: ? - help, Shift-Dir - straight line, f/p - Ijyb
Aim: Ijyb, wielding a +0 dagger, wearing a +0 leather armour and carrying a wand of mindburst (5) (heavily wounded, very poisoned, 100% to hit)
The magic dart hits Ijyb.
Ijyb is severely wounded.
Casting: Magic Dart (safe; 16% risk of failure)
Confirm with . or Enter, or press ? or * to list all spells.
Aiming: Magic Dart (safe; 16% risk of failure)
Press: ? - help, Shift-Dir - straight line, f/p - Ijyb
Aim: Ijyb, wielding a +0 dagger, wearing a +0 leather armour and carrying a wand of mindburst (5) (severely wounded, very poisoned, 100% to hit)
The magic dart hits Ijyb but does no damage.
Ijyb is severely wounded.
Ijyb zaps a wand.
You resist with significant effort.
Casting: Magic Dart (safe; 16% risk of failure)
Confirm with . or Enter, or press ? or * to list all spells.
Aiming: Magic Dart (safe; 16% risk of failure)
Press: ? - help, Shift-Dir - straight line, f/p - Ijyb
Aim: Ijyb, wielding a +0 dagger, wearing a +0 leather armour and carrying a wand of mindburst (4) (severely wounded, very poisoned, 100% to hit)
The magic dart hits Ijyb but does no damage.
Ijyb is severely wounded.
Casting: Magic Dart (safe; 16% risk of failure)
Confirm with . or Enter, or press ? or * to list all spells.
Aiming: Magic Dart (safe; 16% risk of failure)
Press: ? - help, Shift-Dir - straight line, f/p - Ijyb
Aim: Ijyb, wielding a +0 dagger, wearing a +0 leather armour and carrying a wand of mindburst (4) (severely wounded, very poisoned, 100% to hit)
The magic dart hits Ijyb.
Ijyb is almost dead.
Ijyb zaps a wand.
Your mind is blasted!
Ouch! That really hurt!
You die...

#........# #........# .........#
##..÷...#### ### ####
....###....## #.#### ##... #
...## ####..###....####..# .8
..#########...##........## ..#
......<..................####...#
.########.......@.g....(....(....
...# #...###############(######
##.# #.#.# #. ##†## .# ##.#
##.#.# ###.##...##.##
##.###...#.# ...#...8...#..
.......#...# ..#..#...#..#.
<##..###.#.# ....#..8..#...
###....#.#.# #..#.......#..
###......#.#### ####.##.##.###


You could see Ijyb (very poisoned).

Vanquished Creatures
  A black bear (D:4)
  A scorpion (D:3)
  A bullfrog (D:4)
  A water moccasin skeleton (D:4)
  A jelly (D:4)
  Jessica (D:2)
  9 adders
  An adder skeleton (D:4)
  3 worms (D:3)
  A dart slug (D:2)
  7 orcs
  2 endoplasms (D:3)
  A giant cockroach (D:2)
  5 goblins
  7 hobgoblins
  3 jackals (D:2)
  3 quokkas
  5 ball pythons
  3 bats
  2 frilled lizards (D:2)
  7 kobolds
  4 rats
69 creatures vanquished.

Notes
Turn   | Place    | Note
-------+----------+-------------------------------------------
     0 | D:1      | styxcanada the Spriggan Brigand began the quest for the
                  | Orb.
     0 | D:1      | Reached XP level 1. HP: 10/10 MP: 2/2
    67 | D:1      | Reached skill level 6 in Stealth
    72 | D:1      | Found a faded altar of an unknown god.
   242 | D:1      | Reached XP level 2. HP: 9/15 MP: 3/3
  1278 | D:2      | Found an ornate altar of the Wu Jian Council.
  1280 | D:2      | You fall into a shaft and drop 2 floors!
  1304 | D:4      | Reached skill level 7 in Stealth
  1304 | D:4      | Reached XP level 3. HP: 14/18 MP: 4/4
  1507 | D:3      | Learned a level 1 spell: Magic Dart
  1759 | D:2      | Reached skill level 1 in Spellcasting
  1770 | D:2      | Noticed Jessica
  2222 | D:2      | Reached XP level 4. HP: 23/23 MP: 6/6
  2469 | D:2      | Killed Jessica
  2891 | D:3      | Found a sparkling altar of Nemelex Xobeh.
  3096 | D:3      | Reached XP level 5. HP: 26/26 MP: 8/8
  3211 | D:3      | Reached skill level 8 in Stealth
  3259 | D:3      | Learned a level 3 spell: Mephitic Cloud
  3998 | D:4      | Reached XP level 6. HP: 30/30 MP: 8/10
  4346 | D:4      | Reached skill level 1 in Conjurations
  4360 | D:4      | Reached skill level 1 in Air Magic
  4360 | D:4      | Reached skill level 1 in Poison Magic
  4652 | D:4      | Noticed Ijyb
  4681 | D:4      | Blown up by Ijyb

Illustrated notes

Levels and vault maps discovered:
D:1:      dpeg_arrival_lava_temple_mockup, layout_basic,
          ebering_ecumenical_altar_mist
D:2:      layout_loops_ring, basic_altar, minmay_cut_off, uniq_jessica
D:3:      layout_loops_cross, mainiacjoe_overflow_paths,
          cheibrodos_sewer_entry_bend, minmay_misc_feat_encased,
          patterned_corridor
D:4:      wad_crossroads, layout_rooms, mainiacjoe_overflow_alcove_4,
          serial_corexii_hall, corexii_hall_statues_t, corexii_hall_statues_l,
          uniq_ijyb

Skill      XL: |  1  2  3  4  5  6 |
---------------+-------------------+-----
Stealth        | 6 7 8 |  8.9
Spellcasting   | 1 2 |  2.4
Dodging        | 2 3 |  3.2
Fighting       | 2 |  2.4
Short Blades   | 3 |  3.2
Conjurations   | 1 |  1.1
Air Magic      | 1 |  1.0
Poison Magic   | 1 |  1.0
Slings         | |  0.8
Throwing       | |  2.5

Action                   |  1- 3 |  4- 6 || total
-------------------------+-------+-------++-------
Melee: Dagger            |   101 |   116 ||   217
 Fire: Hunting sling     |       |     8 ||     8
Throw: Dart              |       |    53 ||    53
       Stone             |       |     3 ||     3
 Cast: Magic Dart        |       |    16 ||    16
  Use: Scroll            |       |     4 ||     4
 Stab: Sleeping          |     6 |    15 ||    21
       Distracted        |     1 |       ||     1
Armor: Robe              |    11 |    15 ||    26
Dodge: Dodged            |    55 |    64 ||   119
